 Dungeon Crawl Stone Soup version 0.19.5 (webtiles) character file.

246352 RaHiT the Devastator (level 19, 0/140 HPs)
             Began as a Mummy Conjurer on May 18, 2017.
             Was the Champion of Vehumet.
             Slain by a naga ritualist
             ... wielding a +3 scimitar of venom
              (4 damage)
             ... on level 4 of the Snake Pit on May 19, 2017.
             The game lasted 04:57:09 (58340 turns).

RaHiT the Devastator (Mummy Conjurer)              Turns: 58340, Time: 04:57:12

Health: 0/140      AC: 13    Str: 12    XL:     19   Next: 19%
Magic:  48/64      EV: 13    Int: 26    God:    Vehumet [******]
Gold:   2382       SH:  6    Dex: 10    Spells: 10 memorised, 17 levels left

rFire  x . .     SeeInvis .     J - staff of power
rCold  + . .     Gourm    .     r - +2 robe {Archmagi}
rNeg   + + +     Faith    .     g - +0 buckler
rPois  ∞         Spirit   .     p - +2 helmet
rElec  .         Reflect  .     O - +0 cloak {+Inv}
rCorr  .         Harm     .     P - +1 pair of gloves of the Gods {rN++ Int+4 Dex-2 Stlth+}
MR     ++...                    Q - +2 pair of boots {run}
Stlth  +++.......               (no amulet)
                                t - ring of wizardry
                                K - ring of magical power

@: about to teleport, very slightly contaminated, constricted, repel missiles,
quick
A: no food or potions, fire vulnerability, cold resistance 1, negative energy
resistance 3, torment resistance, unbreathing, in touch with death 1
a: Renounce Religion, Evoke Invisibility
}: 1/15 runes: decaying


You were on level 4 of the Snake Pit.
You worshipped Vehumet.
Vehumet was exalted by your worship.
You were not hungry.

You visited 6 branches of the dungeon, and saw 32 of its levels.
You also visited: Labyrinth and Ossuary.

You collected 3265 gold pieces.
You spent 883 gold pieces at shops.

Inventory:

Hand Weapons
 h - a +3 long sword
 o - the +8 whip "Snakebite" {curare, rPois}
   (You found it on level 3 of the Lair of Beasts)

   It poisons the flesh of those it strikes.
   It protects you from poison.
 C - a +1 long sword
 E - a +1 battleaxe
 M - a +2 long sword
Armour
 f - a +2 pair of gloves
 g - a +0 buckler (worn)
 m - a +1 robe of magic resistance
 p - a +2 helmet (worn)
 r - a +2 robe of the Archmagi (worn)
 x - a +2 robe of cold resistance
 D - a +1 robe of fire resistance
 O - a +0 cloak of invisibility (worn)
 P - the +1 pair of gloves of the Gods (worn) {rN++ Int+4 Dex-2 Stlth+}
   (You bought it in a shop on level 2 of the Orcish Mines)

   It affects your intelligence (+4).
   It affects your dexterity (-2).
   It greatly protects you from negative energy.
   It makes you more stealthy.
 Q - a +2 pair of boots of running (worn)
 U - a +2 robe of fire resistance
 X - a cursed -2 robe
 Z - a +0 shield of reflection
Magical Staves
 j - an uncursed staff of wizardry
 J - an uncursed staff of power (weapon)
Jewellery
 d - an uncursed ring of protection from magic
 t - a ring of wizardry (right hand)
 u - an uncursed ring of see invisible
 y - an uncursed amulet of faith
 z - the ring of Music {Ice rElec MR+ Dex-5}
   (You found it on level 1 of the Swamp)

   [ring of ice]

   It enhances your ice magic.
   It affects your dexterity (-5).
   It makes you vulnerable to fire.
   It protects you from cold.
   It insulates you from electricity.
   It affects your resistance to hostile enchantments.
 K - a ring of magical power (left hand)
 V - an uncursed amulet of magic regeneration
Wands
 a - a wand of acid (3/15)
 e - a wand of acid (7/15)
 q - a wand of enslavement (14/24)
 G - a wand of teleportation (2/9)
 H - a wand of lightning (8/15)
 I - a wand of heal wounds (2/9)
 N - a wand of digging (16/24)
 S - a wand of lightning (4/15)
 W - a wand of heal wounds (5/9)
Scrolls
 b - a scroll of blinking
 c - 9 scrolls of remove curse
 i - 7 scrolls of fear
 k - 7 scrolls of fog
 l - 5 scrolls of teleportation
 n - 6 scrolls of enchant armour
 v - 3 scrolls of recharging
 w - 6 scrolls of identify
 A - 4 scrolls of magic mapping
 B - a scroll of vulnerability
 F - 3 scrolls of amnesia
 L - a scroll of summoning
 R - a scroll of enchant weapon
 T - a scroll of brand weapon
Miscellaneous
 s - a phantom mirror


   Skills:
 - Level 10.0 Fighting
 - Level 10.0 Dodging
 - Level 1.5 Stealth
 - Level 10.0 Shields
 * Level 17.1 Spellcasting
 - Level 17.2 Conjurations
 + Level 9.6 Evocations


You had 17 spell levels left.
You knew the following spells:

 Your Spells              Type           Power        Failure   Level  Hunger
a - Magic Dart            Conj           ####         0%          1    N/A
b - Iskenderun's Mystic   Conj           ########     1%          4    N/A
c - Iskenderun's Battles  Conj/Chrm      #######.     1%          5    N/A
d - Conjure Flame         Conj/Fire      #######.     1%          3    N/A
e - Orb of Destruction    Conj           ########..   1%          7    N/A
f - Blink                 Tloc           N/A          1%          2    N/A
g - Repel Missiles        Chrm/Air       ####..       1%          2    N/A
h - Mephitic Cloud        Conj/Pois/Air  ######..     1%          3    N/A
i - Iron Shot             Conj/Erth      #######...   1%          6    N/A
q - Searing Ray           Conj           ######       0%          2    N/A

Dungeon Overview and Level Annotations

Branches:
Dungeon (15/15)            Temple (1/1) D:7            Lair (6/6) D:10
  Swamp (4/4) Lair:3        Snake (4/4) Lair:2        Slime (0/5) Lair:5
    Orc (2/2) D:11            Elf (0/3) Orc:2        Vaults (0/5) D:13
 Depths (0/5) D:15

Altars:
Ashenzari
Cheibriados
Dithmenos
Elyvilon
Fedhas
Gozag
Hepliaklqana
Kikubaaqudgha
Makhleb
Nemelex Xobeh
Okawaru
Qazlal
Ru
Sif Muna
Trog
Uskayaw
Vehumet
Xom
Yredelemnul
Zin
The Shining One
Beogh

Shops:
D:4 [*   D:7 [   Orc:2 =([?   Snake:3 :}}!


Innate Abilities, Weirdness & Mutations

You do not eat or drink.
Your flesh is vulnerable to fire.
You are immune to poison.
Your flesh is cold resistant. (rC+)
You are immune to negative energy. (rN+++)
You are immune to unholy pain and torment.
You can survive without breathing.
You are in touch with the powers of death.


Message History

Blink to where?
Press: ? - help, Dir - move target cursor
As you read the scroll of blinking, it crumbles to dust.
The guardian serpent gestures with its tail.
The naga sharpshooter blinks!
The nagaraja blinks!
The guardian serpent barely misses you. You block the nagaraja's attack.
The nagaraja grabs you.
* * * LOW HITPOINT WARNING * * *
The nagaraja constricts you.
The naga ritualist hits you with a scimitar of venom.
* * * LOW HITPOINT WARNING * * *
The salamander barely misses you.
Unknown command.
Casting: Blink
Confirm with . or Enter, or press ? or * to list all spells.
You feel a surge of power!
You escape the nagaraja's grasp.
You blink.
The guardian serpent hits you!
* * * LOW HITPOINT WARNING * * *
The naga ritualist barely misses you. The naga ritualist grabs you.
You die...

..........((........%..........##
.....(.)...[.[..%..............#.
(..)....)..).)[................##
.....(((.)[[[)[.)##[......)[...#.
(.........[(%...%)........[[...#.
.......)..(....##%(##......).(.#'
..............##...%##.......)...
....)........##S)....##......[.<.
(..%........##.N@##)..##.....(...
.(.........##N§N####.[.##........
..(.......##.(N##..##...##.......
.........##(..##....##...##......
##......##.(..#......#....##....[
#......##....%(............######
########.N..S#........#.....#
##.(.#.§##......##..#...#
##...##.§N##....##...##.§§#


You could see a nagaraja, a naga sharpshooter, 2 salamanders, a naga ritualist
and a guardian serpent.

Vanquished Creatures
  Vashnia (Snake:4)
  Nikola (Snake:2)
  Jorgrun (Snake:2)
  Asterion (Snake:2)
  3 thorn hunters
  Kirke (D:14)
  8 nagarajas (Snake:4)
  Louise (Swamp:1)
  Aizul (Snake:2)
  Josephine (Orc:1)
  The ghost of raetorn the Fighter, a journeyman GrGl of Qazlal (D:13)
  An ettin (Orc:1)
  A fire dragon (D:15)
  A minotaur (Lab)
  Erolcha (Orc:2)
  23 naga warriors
  25 hydras
  An ice dragon (D:15)
  2 ghost crabs (Swamp:4)
  4 vault guards (D:13)
  3 centaur warriors
  14 alligators
  The ghost of LiquoriceLizzard the Basher, a novice MiMo of Nemelex Xobeh (Orc:2)
  13 anacondas
  Urug (Lair:4)
  21 naga sharpshooters
  12 shock serpents
  3 orc high priests (Orc:2)
  Nergalle (Lair:4)
  5 spriggans
  The ghost of harcile the Zephyrmancer, a novice HEAE of Vehumet (D:9)
  5 salamander mystics
  3 skeletal warriors (D:15)
  4 unseen horrors
  7 sea snakes (Snake:3)
  2 wizards (D:14)
  7 hill giants
  11 swamp dragons
  12 naga ritualists
  9 orc knights
  4 shambling mangroves
  2 wolf spiders
  4 deep elf magi
  16 salamanders
  4 orc sorcerers
  10 ugly things
  15 mana vipers
  An oklob plant (Snake:1)
  4 manticores
  3 cyclopes
  3 centaur zombies
  43 black mambas
  29 naga magi
  3 gargoyles
  8 guardian serpents
  28 spiny frogs
  2 kobold demonologists (D:15)
  7 komodo dragons
  7 rime drakes
  An efreet (D:15)
  2 tengu conjurers (D:13)
  7 trolls
  3 meliai (D:15)
  3 polar bears
  5 tyrant leeches
  18 hornets
  A two-headed ogre (D:11)
  7 dream sheep
  27 slime creatures
  6 blink frogs
  8 hippogriffs
  5 bog bodies
  A centaur simulacrum (D:14)
  5 wraiths
  4 shadows
  5 hogs
  Sigmund (D:2)
  Eustachio (D:5)
  5 wyverns
  A vampire (D:13)
  10 redbacks
  A yak (shapeshifter) (D:13)
  49 yaks
  4 humans
  11 vampire mosquitoes
  A basilisk (Lair:6)
  8 wargs
  A mottled dragon (D:14)
  22 swamp worms
  A hungry ghost (D:13)
  2 steam dragons
  3 insubstantial wisps (Swamp:1)
  20 water moccasins
  13 porcupines
  85 nagas
  A hornet zombie (D:9)
  4 sky beasts
  14 swamp drakes
  28 orc warriors
  7 ice beasts
  3 phantoms
  10 ogres
  A black bear (D:7)
  A necrophage (D:11)
  An eye of draining (D:13)
  13 wolves
  18 centaurs
  16 crocodiles
  2 big kobolds
  An elf zombie (Ossuary)
  A gnoll sergeant (D:5)
  20 bullfrogs
  2 scorpions
  6 killer bees (D:10)
  18 wights
  6 howler monkeys
  7 electric eels
  2 bullfrog zombies
  7 crimson imps
  A quasit (D:8)
  A wyvern simulacrum (D:9)
  5 hounds
  16 orc priests
  2 human zombies (Ossuary)
  2 bullfrog skeletons
  2 gnoll shamans
  7 jellies
  19 orc wizards
  5 centaur skeletons
  Ijyb (D:3)
  7 iguanas
  Natasha (thrice) (D:3)
  14 worker ants
  12 hell rats (Lair:1)
  A killer bee zombie (D:10)
  A bullfrog simulacrum (D:9)
  A hound zombie (Ossuary)
  3 hound skeletons
  4 mummies (Ossuary)
  15 gnolls
  A howler monkey skeleton (D:8)
  29 adders
  17 river rats
  4 shadow imps
  3 white imps (D:9)
  5 oozes
  2 adder zombies
  5 dart slugs
  8 leopard geckos
  68 orcs
  2 ball pythons
  9 bats
  5 giant cockroaches
  2 gnoll zombies (Ossuary)
  12 goblins
  4 hobgoblins
  15 jackals
  8 quokkas
  11 frilled lizards
  2 goblin zombies (Ossuary)
  18 kobolds
  A leopard gecko skeleton (D:6)
  A leopard gecko zombie (D:5)
  2 orc zombies (Ossuary)
  28 rats
  A rat zombie (Ossuary)
  A fungus (Lair:5)
  3 plants
1332 creatures vanquished.

Vanquished Creatures (others)
  A human (D:14)
  23 fungi
  39 plants
63 creatures vanquished.

Grand Total: 1395 creatures vanquished

Notes
Turn   | Place    | Note
-------+----------+-------------------------------------------
     0 | D:1      | RaHiT the Mummy Conjurer began the quest for the Orb.
     0 | D:1      | Reached XP level 1. HP: 13/13 MP: 3/3
   394 | D:1      | Reached XP level 2. HP: 19/19 MP: 0/5
   398 | D:1      | Learned a level 2 spell: Searing Ray
   837 | D:1      | Reached XP level 3. HP: 24/24 MP: 4/7
  1735 | D:2      | Reached XP level 4. HP: 30/30 MP: 6/10
  1880 | D:2      | Learned a level 4 spell: Iskenderun's Mystic Blast
  2540 | D:2      | Noticed Sigmund
  3128 | D:3      | Noticed Ijyb
  3135 | D:3      | Killed Ijyb
  3135 | D:3      | Reached XP level 5. HP: 35/35 MP: 7/12
  3293 | D:3      | Reached skill level 5 in Spellcasting
  3674 | D:3      | Noticed Natasha
  3679 | D:3      | Killed Natasha
  3770 | D:3      | Reached XP level 6. HP: 33/41 MP: 7/14
  3995 | D:3      | Noticed Natasha
  4011 | D:3      | Killed Natasha
  4192 | D:3      | Noticed Natasha
  4198 | D:3      | Killed Natasha
  4369 | D:4      | Found Aqipte Guto's Serpentskin Sales.
  4369 | D:4      | Noticed a water moccasin
  4387 | D:4      | Killed a water moccasin
  4693 | D:4      | Reached XP level 7. HP: 46/46 MP: 12/16
  4698 | D:4      | Found Qabboir's Armour Shop.
  4826 | D:4      | Learned a level 5 spell: Iskenderun's Battlesphere
  5322 | D:4      | Reached skill level 5 in Conjurations
  5344 | D:5      | Entered Level 5 of the Dungeon
  5373 | D:5      | Learned a level 3 spell: Conjure Flame
  5377 | D:5      | Learned a level 3 spell: Mephitic Cloud
  5439 | D:5      | Found a sacrificial altar of Ru.
  5778 | D:5      | Noticed Eustachio
  6208 | D:5      | Killed Eustachio
  6208 | D:5      | Reached XP level 8. HP: 52/52 MP: 9/17
  6562 | D:6      | Found a burning altar of Makhleb.
  6563 | D:6      | Found a blossoming altar of Fedhas.
  7841 | D:6      | Reached XP level 9. HP: 57/57 MP: 17/21
  8508 | D:6      | Found an iron altar of Okawaru.
  8599 | D:7      | Found a shadowy altar of Dithmenos.
  8758 | D:7      | Found Cavvimp's Armour Boutique.
  8827 | D:7      | Found a stormy altar of Qazlal.
  8831 | D:7      | Found a sand-covered staircase.
  8866 | Ossuary  | Entered an ossuary
 10013 | D:7      | Found a staircase to the Ecumenical Temple.
 10019 | Temple   | Entered the Ecumenical Temple
 10222 | Temple   | Became a worshipper of Vehumet
 11166 | D:8      | Learned a level 2 spell: Blink
 11169 | D:8      | Learned a level 2 spell: Repel Missiles
 11182 | D:8      | Found an ancient bone altar of Kikubaaqudgha.
 11221 | D:8      | Reached XP level 10. HP: 63/63 MP: 16/23
 11233 | D:8      | Found a glowing golden altar of the Shining One.
 11320 | D:8      | Found a basalt altar of Yredelemnul.
 11612 | D:8      | Reached skill level 10 in Conjurations
 11889 | D:7      | Reached * piety under Vehumet
 11889 | D:7      | Offered knowledge of Shock by Vehumet.
 12220 | D:2      | Killed Sigmund
 13467 | D:9      | Noticed harcile's ghost (novice HEAE)
 13532 | D:9      | Got a flickering golden ring
 13539 | D:9      | Identified the cursed ring "Bayc" {EV-4 Int+3} (You took it off an orc wizard on level 9 of the Dungeon)
 13737 | D:9      | Killed harcile's ghost
 14003 | D:9      | Reached skill level 10 in Spellcasting
 14741 | D:9      | Reached XP level 11. HP: 60/68 MP: 12/25
 15065 | D:10     | Entered Level 10 of the Dungeon
 15360 | D:10     | Reached ** piety under Vehumet
 15371 | D:10     | Offered knowledge of Throw Flame by Vehumet.
 15466 | D:10     | Reached skill level 1 in Shields
 15654 | D:10     | Noticed a five-headed hydra
 15660 | D:10     | Killed a five-headed hydra
 16224 | D:10     | Offered knowledge of Stone Arrow by Vehumet.
 16368 | D:10     | Noticed a hill giant
 16378 | D:10     | Killed a hill giant
 16381 | D:10     | Noticed a hill giant
 16573 | D:10     | Found a staircase to the Lair.
 16655 | D:10     | Reached skill level 1 in Fighting
 16674 | D:10     | Killed a hill giant
 16907 | D:11     | Reached *** piety under Vehumet
 17085 | D:11     | Noticed a four-headed hydra
 17130 | D:11     | Noticed a hill giant
 17137 | D:11     | Killed a hill giant
 17214 | D:11     | Reached skill level 5 in Fighting
 17390 | D:11     | Offered knowledge of Airstrike by Vehumet.
 17610 | D:11     | Found a staircase to the Orcish Mines.
 17683 | D:11     | Noticed a four-headed hydra
 17685 | D:11     | Killed a four-headed hydra
 17954 | D:11     | Noticed an unseen horror
 17963 | D:11     | Killed an unseen horror
 17963 | D:11     | Reached XP level 12. HP: 60/93 MP: 5/27
 18378 | D:11     | Reached **** piety under Vehumet
 18476 | D:11     | Offered knowledge of Olgreb's Toxic Radiance by Vehumet.
 18665 | D:11     | Killed a four-headed hydra
 18952 | Lair:1   | Entered Level 1 of the Lair of Beasts
 19020 | Lair:1   | Reached skill level 10 in Fighting
 19172 | Lair:1   | Reached skill level 5 in Shields
 19372 | Lair:1   | Noticed a five-headed hydra
 19380 | Lair:1   | Killed a five-headed hydra
 20653 | Lair:1   | Reached ***** piety under Vehumet
 20656 | Lair:1   | Offered knowledge of Bolt of Cold by Vehumet.
 21183 | Lair:2   | Found a staircase to the Snake Pit.
 22141 | Lair:2   | Gained mutation: You are in touch with the powers of death. [Mummy growth]
 22141 | Lair:2   | Reached XP level 13. HP: 98/103 MP: 17/28
 22693 | Lair:3   | Found a labyrinth entrance.
 22707 | Lab      | Entered a labyrinth
 23086 | Lab      | Found an exit through the horrors of the Abyss.
 23184 | Lab      | Found an exit through the horrors of the Abyss.
 23229 | Lab      | Found an exit through the horrors of the Abyss.
 23412 | Lab      | Noticed a minotaur
 23415 | Lab      | Killed a minotaur
 23422 | Lab      | Identified Rumoome's Papyrus of Aid
 23758 | Lair:3   | Found a staircase to the Swamp.
 24542 | Lair:4   | Offered knowledge of Orb of Destruction by Vehumet.
 24551 | Lair:4   | Learned a level 7 spell: Orb of Destruction
 24692 | Lair:4   | Noticed Urug
 24697 | Lair:4   | Killed Urug
 24697 | Lair:4   | Reached skill level 10 in Shields
 24842 | Lair:4   | Noticed Nergalle
 24848 | Lair:4   | Killed Nergalle
 26919 | Lair:5   | Found a staircase to the Slime Pits.
 27307 | Lair:6   | Entered Level 6 of the Lair of Beasts
 28049 | Lair:5   | Offered knowledge of Ozocubu's Refrigeration by Vehumet.
 28320 | Lair:6   | Reached XP level 14. HP: 110/110 MP: 29/30
 28575 | Lair:6   | Reached skill level 5 in Dodging
 30344 | Orc:1    | Entered Level 1 of the Orcish Mines
 30344 | Orc:1    | Noticed Josephine
 30347 | Orc:1    | Killed Josephine
 30848 | Orc:1    | Offered knowledge of Bolt of Fire by Vehumet.
 31103 | Orc:1    | Noticed Erolcha
 31588 | Orc:2    | Entered Level 2 of the Orcish Mines
 31588 | Orc:2    | Found a staircase to the Elven Halls.
 31768 | Orc:2    | Killed Erolcha
 31779 | Orc:2    | Noticed LiquoriceLizzard's ghost (novice MiMo)
 31782 | Orc:2    | Killed LiquoriceLizzard's ghost
 32295 | Orc:2    | Found a roughly hewn altar of Beogh.
 33235 | Orc:2    | Reached ****** piety under Vehumet
 33345 | Orc:2    | Found Vonyuthi's Magic Scroll Emporium.
 33345 | Orc:2    | Found Eqi Heyr's Antique Armour Boutique.
 33351 | Orc:2    | Found Viskaag's Weapon Emporium.
 33351 | Orc:2    | Found Witaloel's Jewellery Boutique.
 33362 | Orc:2    | Bought a pair of twisted gloves for 275 gold pieces
 33362 | Orc:2    | Bought a pair of runed boots for 304 gold pieces
 33362 | Orc:2    | Bought a glowing shield for 304 gold pieces
 33374 | Orc:2    | Identified the +1 pair of gloves of the Gods {rN++ Int+4 Dex-2 Stlth+} (You bought it in a shop on level 2 of the Orcish Mines)
 33397 | Orc:2    | Identified a +2 pair of boots of running (You bought it in a shop on level 2 of the Orcish Mines)
 33647 | D:12     | Offered knowledge of Conjure Ball Lightning by Vehumet.
 34509 | D:12     | Identified the +5 morningstar of Kinehej {antimagic, *Drain +Blink MP+9 SInv} (You found it on level 12 of the Dungeon)
 34792 | D:13     | Reached XP level 15. HP: 115/115 MP: 24/31
 34987 | D:13     | Found a shimmering altar of Xom.
 35405 | D:13     | Noticed raetorn's ghost (journeyman GrGl)
 35409 | D:13     | Killed raetorn's ghost
 35937 | D:13     | Found a gate to the Vaults.
 37071 | D:14     | Offered knowledge of Freezing Cloud by Vehumet.
 37689 | D:14     | Noticed Kirke
 38045 | D:14     | Killed Kirke
 38601 | D:15     | Entered Level 15 of the Dungeon
 40174 | D:15     | Found a staircase to the Depths.
 40399 | Swamp:1  | Entered Level 1 of the Swamp
 40516 | Swamp:1  | Reached skill level 15 in Spellcasting
 40850 | Swamp:1  | Noticed Louise
 40863 | Swamp:1  | Killed Louise
 40949 | Swamp:1  | Reached XP level 16. HP: 122/122 MP: 28/35
 41587 | Swamp:1  | Got a brightly glowing platinum ring
 41647 | Swamp:1  | Identified the ring of Music {Ice rElec MR+ Dex-5} (You found it on level 1 of the Swamp)
 42093 | Swamp:2  | Offered knowledge of Iron Shot by Vehumet.
 42101 | Swamp:2  | Learned a level 6 spell: Iron Shot
 42489 | Swamp:2  | You fall through a shaft!
 43970 | Swamp:3  | Reached skill level 10 in Dodging
 44129 | Swamp:3  | Noticed a thorn hunter
 44133 | Swamp:3  | Killed a thorn hunter
 44302 | Swamp:3  | Reached skill level 1 in Evocations
 45065 | Swamp:4  | Entered Level 4 of the Swamp
 45671 | Swamp:4  | Offered knowledge of Fire Storm by Vehumet.
 45671 | Swamp:4  | Offered knowledge of Glaciate by Vehumet.
 45671 | Swamp:4  | Offered knowledge of Shatter by Vehumet.
 46060 | Swamp:4  | Noticed a thorn hunter
 46063 | Swamp:4  | Killed a thorn hunter
 46214 | Swamp:4  | Noticed a thorn hunter
 46219 | Swamp:4  | Killed a thorn hunter
 46219 | Swamp:4  | Reached XP level 17. HP: 106/128 MP: 37/37
 46601 | Swamp:4  | Got a decaying rune of Zot
 46871 | Snake:1  | Entered Level 1 of the Snake Pit
 47904 | Snake:1  | Reached skill level 5 in Evocations
 48512 | Snake:1  | Reached skill level 15 in Conjurations
 48783 | Snake:2  | Noticed Asterion
 49217 | Snake:2  | Killed Asterion
 49375 | Snake:2  | Noticed Jorgrun
 49397 | Snake:2  | Killed Jorgrun
 49553 | Snake:2  | Noticed Aizul
 49557 | Snake:2  | Killed Aizul
 49727 | Snake:2  | Noticed Nikola
 50075 | Snake:2  | Killed Nikola
 52161 | Snake:3  | Found a shimmering altar of Xom.
 52188 | Snake:3  | Reached XP level 18. HP: 134/134 MP: 38/38
 52797 | Snake:3  | Found Bimu's Distillery.
 52798 | Snake:3  | Found Gonef's Gadget Shop.
 52798 | Snake:3  | Found Ystruh's Gadget Boutique.
 52801 | Snake:3  | Found Ethryla's Book Boutique.
 53326 | Snake:4  | Entered Level 4 of the Snake Pit
 53326 | Snake:4  | Noticed Vashnia
 53531 | Snake:4  | Killed Vashnia
 56773 | Snake:4  | Reached XP level 19. HP: 140/140 MP: 34/39
 58340 | Snake:4  | HP: 4/140 [guardian serpent (7)]
 58340 | Snake:4  | Slain by a naga ritualist

Skill      XL: |  1  2  3  4  5  6  7  8  9 10 11 12 13 14 15 16 17 18 19 |
---------------+----------------------------------------------------------+-----
Spellcasting   | 3 4 5 6 8 9 10 11 12 15 16 17 | 17.1
Conjurations   | 4 7 9 11 13 14 16 17 | 17.2
Shields        | 4 8 10 | 10.0
Fighting       | 8 10 | 10.0
Dodging        | 4 7 9 10 | 10.0
Evocations     | 4 7 9 |  9.6
Stealth        | |  1.5

Action                   |  1- 3 |  4- 6 |  7- 9 | 10-12 | 13-15 | 16-18 | 19-21 || total
-------------------------+-------+-------+-------+-------+-------+-------+-------++-------
Melee: Unarmed           |    24 |     3 |       |       |       |       |       ||    27
       Dagger            |       |       |       |     2 |       |       |       ||     2
       Falchion          |       |       |       |    32 |       |       |       ||    32
       Whip              |       |       |       |       |    17 |    14 |       ||    31
       Staff             |       |       |       |       |    12 |       |       ||    12
 Cast: Magic Dart        |    69 |    56 |    37 |   173 |    97 |    15 |       ||   447
       Searing Ray       |     7 |    33 |   114 |   168 |    39 |       |       ||   361
       Mephitic Cloud    |       |       |     4 |     2 |     8 |       |       ||    14
       Iskenderun's Myst |       |       |    10 |    59 |    83 |    33 |    23 ||   208
       Conjure Flame     |       |       |     7 |    26 |     9 |     1 |       ||    43
       Repel Missiles    |       |       |     1 |       |       |     5 |       ||     6
       Iskenderun's Batt |       |       |       |    51 |    27 |     7 |     4 ||    89
       Blink             |       |       |       |     8 |    15 |     2 |     5 ||    30
       Orb of Destructio |       |       |       |       |   454 |   617 |    46 ||  1117
       Iron Shot         |       |       |       |       |       |     6 |       ||     6
  Use: Scroll            |       |       |     9 |     4 |    20 |     7 |     4 ||    44
 Stab: Confused          |       |       |       |       |     3 |       |       ||     3
Armor: Robe              |    16 |    16 |    51 |    92 |    71 |    42 |     3 ||   291
Dodge: Dodged            |    41 |    32 |    96 |    98 |   129 |   123 |     8 ||   527
       Deflected         |       |       |       |     4 |    14 |    40 |    14 ||    72
Block: Buckler           |       |       |       |    22 |    68 |    57 |    11 ||   158
       Rpst.: Falchion   |       |       |       |    21 |       |       |       ||    21
